 Dungeon Sprint DCSS version 0.31-a0-532-g28f74ba3e5 (webtiles) character file.

Game seed: 14767336836813951518

441 dialectric the Protected (level 6, 0/64 HPs)
             Began as a Minotaur Fighter on Aug 12, 2023.
             Was an Initiate of Trog.
             Slain by a slime creature (5 damage)
             ... in the Dungeon (Sprint I: "Red Sonja").
             The game lasted 00:01:16 (172 turns).

dialectric the Protected (Minotaur Fighter)          Turns: 172, Time: 00:01:17

Health: 0/64       AC:  8    Str: 20    XL:     6   Next: 71%
Magic:  5/5        EV: 12    Int:  5    God:    Trog [......]
Gold:   297        SH:  5    Dex: 12    Spells: 5/5 levels left

rFire   . . .        a - +0 flail
rCold   . . .        c - +0 buckler
rNeg    . . .        b - +0 scale mail
rPois   .            (helmet restricted)
rElec   .            (no cloak)
rCorr   .            (no gloves)
SInv    .            (no boots)
Will    .....        (no amulet)
Stlth   +            (no ring)
HPRegen 0.30/turn    (no ring)
MPRegen 0.09/turn

%: no teleportation
@: no status effects
A: horns 2, retaliatory headbutt
a: Renounce Religion


You were in the Dungeon.
You worshipped Trog.
Trog was noncommittal.
You visited 1 branch You collected 297 gold pieces.

Inventory:

Hand Weapons
 a - a +0 flail (weapon)
Armour
 b - a +0 scale mail (worn)
 c - a +0 buckler (worn)
Wands
 i - a wand of paralysis (3)
Scrolls
 j - a scroll of blinking
 k - a scroll of identify {unknown}
Potions
 d - a potion of might
 e - a potion of curing
 f - a potion of heal wounds
 g - a potion of haste
 h - 2 potions of magic


   Skills:
 + Level 9.5 Fighting
 + Level 7.0 Maces & Flails
 + Level 9.8 Armour
 + Level 5.9 Dodging
 - Level 2.8 Stealth
 + Level 6.5 Shields
 - Level 1.2 Evocations


You had 5 spell levels left.
You didn't know any spells.
Your spell library was empty.

Dungeon Overview and Level Annotations

Branches:
Dungeon (1/1)

Altars:
Cheibriados
Dithmenos
Elyvilon
Fedhas
Gozag
Hepliaklqana
Kikubaaqudgha
Makhleb
Nemelex Xobeh
Okawaru
Qazlal
Ru
Sif Muna
Trog
Uskayaw
Vehumet
Wu Jian
Xom
Yredelemnul
Zin
The Shining One
Jiyva
Lugonu

Shops:
D [


Innate Abilities, Weirdness & Mutations

You have a pair of horns on your head.
You reflexively headbutt those who attack you in melee.


Message History

The slime creature is lightly wounded.
You block the slime creature's attack.
You hit the slime creature but do no damage.
The slime creature is lightly wounded.
The slime creature hits you but does no damage.
You thump the slime creature! You headbutt the slime creature!
The slime creature is moderately wounded.
The slime creature misses you. The slime creature hits you.
You hit the slime creature.
The slime creature is moderately wounded.
The slime creature hits you.
You barely miss the slime creature. You headbutt the slime creature.
The slime creature is heavily wounded.
The slime creature barely misses you.
You barely miss the slime creature.
You headbutt the slime creature, but do no damage.
The slime creature is heavily wounded.
You block the slime creature's attack.
You hit the slime creature. You headbutt the slime creature.
The slime creature is heavily wounded.
The slime creature hits you.
You sock the slime creature!
The slime creature is severely wounded.
The slime creature hits you.
You hit the slime creature.
The slime creature is severely wounded.
The slime creature hits you!
* * * LOW HITPOINT WARNING * * *
You sock the slime creature!
The slime creature is almost dead.
The slime creature hits you!
* * * LOW HITPOINT WARNING * * *
You hit the slime creature.
The slime creature is almost dead.
The slime creature hits you but does no damage.
You hit the slime creature but do no damage.
The slime creature is almost dead.
The slime creature jiggles.
The slime creature hits you.
You die...

###################
#<.#..)..#.)'..#J_#
#..').#..'..#..@..+
#..#####'#####'#__#
#..####..#...#.####
#..#__####..##)#
#..#_____##'#_.+
#⌠⌠#_.∩...'..._#
####_..__##_.#'#
#_____###+#)#
####### ###


You could see a slime creature.

Vanquished Creatures
  Sigmund (D)
  A yak (D)
  An ogre (D)
  A jelly (D)
  Ijyb (D)
5 creatures vanquished.

Notes
Turn   | Place    | Note
-------+----------+-------------------------------------------
     0 | D        | dialectric the Minotaur Fighter began the quest for the
                  | Orb.
     0 | D        | Reached XP level 1. HP: 19/19 MP: 0/0
     9 | D        | Noticed Ijyb
     9 | D        | Paralysed by Ijyb for 3 turns
    17 | D        | Paralysed by Ijyb for 3 turns
    23 | D        | Killed Ijyb
    24 | D        | Reached skill level 5 in Fighting
    24 | D        | Reached skill level 5 in Armour
    24 | D        | Reached skill level 5 in Shields
    24 | D        | Reached XP level 2. HP: 29/29 MP: 1/1
    54 | D        | Noticed an ogre
    59 | D        | Killed an ogre
    60 | D        | Reached skill level 1 in Stealth
    60 | D        | Reached XP level 3. HP: 38/38 MP: 2/2
    60 | D        | Reached XP level 4. HP: 45/45 MP: 3/3
    78 | D        | Noticed Sigmund
    82 | D        | Killed Sigmund
    83 | D        | Reached skill level 5 in Maces & Flails
    83 | D        | Reached XP level 5. HP: 49/56 MP: 4/4
    94 | D        | Found a shimmering blue altar of Sif Muna.
    95 | D        | Found an ornate altar of the Wu Jian Council.
    96 | D        | Found a radiant altar of Vehumet.
   100 | D        | Reached XP level 6. HP: 59/62 MP: 5/5
   124 | D        | Found Huesm's Armour Emporium.
   124 | D        | Found an ancient bone altar of Kikubaaqudgha.
   124 | D        | Found a hazy altar of Hepliaklqana.
   124 | D        | Found a hide-covered altar of Uskayaw.
   124 | D        | Found a basalt altar of Yredelemnul.
   124 | D        | Found an opulent altar of Gozag.
   124 | D        | Found a snail-covered altar of Cheibriados.
   124 | D        | Found a sacrificial altar of Ru.
   124 | D        | Found a shadowy altar of Dithmenos.
   124 | D        | Noticed a yak
   137 | D        | Killed a yak
   138 | D        | Reached skill level 5 in Dodging
   138 | D        | Reached skill level 1 in Evocations
   139 | D        | Found a stormy altar of Qazlal.
   139 | D        | Found a blossoming altar of Fedhas.
   139 | D        | Found a bloodstained altar of Trog.
   139 | D        | Found an iron altar of Okawaru.
   139 | D        | Found a glowing golden altar of the Shining One.
   139 | D        | Found a glowing silver altar of Zin.
   139 | D        | Found a white marble altar of Elyvilon.
   140 | D        | Found a sparkling altar of Nemelex Xobeh.
   144 | D        | Became a worshipper of Trog the Wrathful
   157 | D        | Found a burning altar of Makhleb.
   157 | D        | Found a shimmering altar of Xom.
   157 | D        | Noticed a slime creature
   158 | D        | Found a viscous altar of Jiyva.
   158 | D        | Found a corrupted altar of Lugonu.
   172 | D        | Slain by a slime creature

Illustrated notes

Levels and vault maps discovered:
D:        dungeon_sprint_1 [red_sonja_temple_1, red_sonja_temple_small_1]

Skill      XL: |  1  2  3  4  5  6 |
---------------+-------------------+-----
Fighting       | 5 6 8 9 |  9.5
Maces & Flails | 3 4 5 7 |  7.0
Armour         | 5 6 8 9 |  9.8
Shields        | 5 6 |  6.5
Stealth        | 1 2 |  2.8
Dodging        | 4 5 |  5.9
Evocations     | 1 |  1.2

Action                     |  1- 3 |  4- 6 || total
---------------------------+-------+-------++-------
  Melee: Flail             |    11 |    31 ||    42
         Headbutt          |     2 |     8 ||    10
  Evoke: Wand              |     2 |       ||     2
    Use: Potion            |     1 |       ||     1
   Stab: Paralysed         |     3 |       ||     3
 Armour: Scale mail        |     2 |    10 ||    12
  Dodge: Dodged            |     1 |     7 ||     8
  Block: Buckler           |       |     6 ||     6

Table legend: (Time is in decaauts)
 A = Elapsed time spent in this place.
 B = Non-inter-level travel time spent in this place.
 C = Inter-level travel time spent in this place.
 D = Time resting spent in this place.
 E = Time spent auto-exploring this place.
 F = Levels seen in this place.
 G = Mean time per level.
                   A        B        C        D        E       F      G
               +--------+--------+--------+--------+--------+-----+--------+
         Total |    186 |    186 |      0 |     33 |      0 |   1 |  186.0 |
       Dungeon |    186 |    186 |      0 |     33 |      0 |   1 |  186.0 |
               +--------+--------+--------+--------+--------+-----+--------+

Top non-repeatable levels by time:
       D: 186 daAuts
